 Dungeon Crawl Stone Soup version 0.30-a0-1114-gd936c97349 (console) character file.

Game seed: 14885458243201214430

5 petzl the Sneak (level 1, -1/15 (18) HPs)
             Began as a Formicid Delver on Apr 20, 2023.
             Slain by an ogre
             ... wielding a +0 giant club
              (6 damage)
             ... on level 6 of the Dungeon.
             The game lasted 00:05:25 (711 turns).

petzl the Sneak (Formicid Delver)                    Turns: 711, Time: 00:05:26

HP:   -1/15 (18)    AC:  7    Str: 16    XL:     1   Next: 88%
MP:   2/2           EV: 10    Int:  9    God:
Gold: 64            SH:  0    Dex: 15    Spells: 2/2 levels left

rFire   . . .      SeeInvis +    a - +0 mace
rCold   . . .      Faith    .    (no shield)
rNeg    . . .      Spirit   .    l - +0 scale mail
rPois   .          Reflect  .    (helmet unavailable)
rElec   .          Rampage  .    (no cloak)
rCorr   .                        e - +0 pair of gloves
Will    .....                    (no boots)
Stlth   ++                       (no amulet)
HPRegen 0.22/turn                (no ring)
MPRegen 0.08/turn                (no ring)

@: heavily drained
A: permanent stasis, dig shafts and tunnels, antennae 3, four strong arms
a: Dig, Shaft Self


You were on level 6 of the Dungeon.
You visited 1 branch of the dungeon, and saw 4 of its levels.

You collected 64 gold pieces.

Inventory:

Hand Weapons
 a - a +0 mace (weapon)
Missiles
 n - 5 atropa-tipped darts
Armour
 e - a +0 pair of gloves (worn)
 l - a +0 scale mail (worn)
Wands
 f - a wand of digging (3)
 h - a wand of charming (9)
Scrolls
 c - a scroll of fog
 d - a scroll of magic mapping
 g - a scroll of amnesia
 k - 3 scrolls of identify
Potions
 b - a potion of degeneration {unknown}
 i - a potion of curing {unknown}
 j - a potion of attraction {unknown}
 m - a potion of brilliance {unknown}


   Skills:
 - Level 3.2 Fighting
 - Level 2.0 Maces & Flails
 - Level 1.7 Dodging
 - Level 6.0 Stealth
 + Level 1.3 Spellcasting


You had 2 spell levels left.
You didn't know any spells.
Your spell library was empty.

Dungeon Overview and Level Annotations

Branches:
Dungeon (8/15)
 Temple: D:4-7         Lair: D:8-11

Altars:

Annotations:
D:7 exclusions: 2 bullfrogs, sky beast and 2 wights
D:8 exclusion: 3 sensed monsters (detected)


Innate Abilities, Weirdness & Mutations

You cannot be hasted, slowed, berserked, paralysed or teleported.
You can dig through walls and to a lower floor.
You have a pair of large antennae on your head. (SInv)
Your four strong arms can wield two-handed weapons with a shield.


Message History

Unknown command.
Okay, then.
Hit: a) +0 mace
Press: ? - help, Dir - move target, f - kobold brigand
Aim: a kobold brigand, wielding a +0 dagger and quivering poisoned darts (lightly wounded, about 45% to evade your +0 mace)
Okay, then.
Unknown command.
You don't know any spells.
Unknown command.
Unknown command.
Unknown command.
Aiming: Charm
Press: ? - help, Shift-Dir - straight line, f - kobold brigand
Aim: a kobold brigand, wielding a +0 dagger and quivering poisoned darts (lightly wounded, chance to affect: 49%)
The kobold brigand resists with some effort.
The kobold brigand hits you but does no damage.
Aiming: Charm
Press: ? - help, Shift-Dir - straight line, f/p - kobold brigand
Aim: a kobold brigand, wielding a +0 dagger and quivering poisoned darts (lightly wounded, chance to affect: 49%)
The kobold brigand is charmed.
What are your orders? t - Shout!
Orders for allies: a - Attack new target. p - Attack previous target. r - Retreat! s - Stop attacking. g - Guard the area. f - Follow me.
Anything else - Cancel.
Retreat in which direction?
Press: ? - help, Dir - move target, p - kobold brigand Fall back!
Things that are here:
a +0 club; a kobold corpse You sense a monster nearby.
There is a stone staircase leading up here.
You start waiting.
A kobold brigand is nearby!
You climb upwards.
The ogre hits you with a +0 giant club!
Ouch! That really hurt!
There is a stone staircase leading down here.
The ogre attacks as you move away! The ogre hits you with a +0 giant club.
You die...

########## ### ### #........#
##########..+ #.. #........#
#..>........+ ##.. #........#
#..........# ###... #........#
.........### #.....
#........##### #....#.. +.....
#............# #....#.####.....
#.........O..###....#.##....###
######...@...'................#
#............#.................
#............###....#+#....<#.#
#..............#.........#.##.#
#####..........#.........#.....
............#.........####.#
.......##........#........#Y#
....###...#......#....###.# #
... ..#......#...... #
..#......#...##.. #..........+
...+ .... .....# ..# .......
...


You could see an ogre.

Vanquished Creatures
  2 orcs
  A kobold (D:7)
3 creatures vanquished.

Notes
Turn   | Place    | Note
-------+----------+-------------------------------------------
     0 | D:5      | petzl the Formicid Delver began the quest for the Orb.
     0 | D:5      | Reached XP level 1. HP: 18/18 MP: 1/1
   105 | D:7      | Noticed a bullfrog
   114 | D:7      | Noticed a wight
   184 | D:6      | Noticed an ice beast
   206 | D:6      | Noticed an ogre
   225 | D:5      | Noticed an ogre
   340 | D:7      | Noticed a sky beast
   411 | D:5      | You fall into a shaft and drop 3 floors!
   487 | D:7      | Noticed a bullfrog
   522 | D:7      | Noticed a wight
   522 | D:7      | Noticed a wight
   606 | D:7      | Reached skill level 1 in Spellcasting
   644 | D:8      | Noticed a kobold brigand
   711 | D:6      | Slain by an ogre

Illustrated notes

Levels and vault maps discovered:
D:5:      layout_loops_ring, portal_sewer_entry_e
D:6:      layout_basic, gammafunk_temple_overflow_wave
D:7:      layout_basic
D:8:      layout_loops_cross, ebering_ghost_xom, serial_bayou_lagoon_a,
          lightli_orcish_oven, uniq_gastronok, uniq_joseph

Skill      XL: |  1 |
---------------+----+-----
Spellcasting   | 1 |  1.3
Fighting       | |  3.2
Maces & Flails | |  2.0
Dodging        | |  1.7
Stealth        | |  6.0

Action                     || total
---------------------------++-------
  Melee: Mace              ||    14
         Punch             ||     1
Ability: Dig               ||     1
         Shaft Self        ||     1
  Evoke: Wand              ||     2
    Use: Scroll            ||     2
 Armour: Scale mail        ||    13
         Leather armour    ||     2
  Dodge: Dodged            ||    13

Table legend: (Time is in decaauts)
 A = Elapsed time spent in this place.
 B = Non-inter-level travel time spent in this place.
 C = Inter-level travel time spent in this place.
 D = Time resting spent in this place.
 E = Time spent auto-exploring this place.
 F = Levels seen in this place.
 G = Mean time per level.
                   A        B        C        D        E       F      G
               +--------+--------+--------+--------+--------+-----+--------+
         Total |    715 |    715 |      0 |    117 |     29 |   4 |  178.8 |
       Dungeon |    715 |    715 |      0 |    117 |     29 |   4 |  178.8 |
               +--------+--------+--------+--------+--------+-----+--------+

Top non-repeatable levels by time:
     D:7: 336 daAuts
     D:6: 229 daAuts
     D:5: 79 daAuts
     D:8: 70 daAuts
